 Dungeon Crawl Stone Soup version 0.22-a0-274-gf8199ec (webtiles) character file.

352 Amnesiac the Magician (level 6, -1/38 HPs)
             Began as a Deep Elf Wizard on Mar 14, 2018.
             Blown up by Ijyb (12 damage)
             ... with a wand of disintegration (15)
             ... on level 3 of the Dungeon.
             The game lasted 00:04:10 (3445 turns).

Amnesiac the Magician (Deep Elf Wizard)             Turns: 3445, Time: 00:04:12

Health: -1/38      AC:  3    Str:  4    XL:     6   Next: 35%
Magic:  8/14       EV: 14    Int: 25    God:
Gold:   49         SH:  0    Dex: 13    Spells: 3/14 levels left

rFire    . . .     SeeInvis .   r - +1 short sword (drain)
rCold    . . .     Gourm    .   (no shield)
rNeg     . . .     Faith    .   a - +0 robe
rPois    .         Spirit   .   b - +0 hat
rElec    .         Reflect  .   m - +0 cloak
rCorr    .         Harm     .   (no gloves)
MR       .....                  (no boots)
Stlth    ++........             (no amulet)
HPRegen  0.12/turn              (no ring)
MPRegen  0.14/turn              (no ring)

@: very slightly contaminated, drained
A: no striking features
a: no special abilities


You were on level 3 of the Dungeon.
You were not hungry.

You visited 1 branch of the dungeon, and saw 3 of its levels.

You collected 49 gold pieces.

Inventory:

Hand Weapons
 r - a +1 short sword of draining (weapon)
Armour
 a - a +0 robe (worn)
 b - a +0 hat (worn)
 m - a +0 cloak (worn)
Wands
 f - a wand of digging (13)
Scrolls
 c - a scroll of teleportation {!r, unknown}
 g - a scroll of noise {!r, unknown}
 h - 3 scrolls of identify {!r, unknown}
 i - 2 scrolls of immolation {!r, unknown}
 k - a scroll of blinking {!r, unknown}
 l - a scroll of random uselessness {!r, unknown}
 q - a scroll of fog {!r, unknown}
Potions
 e - a potion of might {!q, unknown}
 j - a potion of magic {!q, unknown}
 o - a potion of brilliance {!q, unknown}
 p - a potion of flight {!q, unknown}
Comestibles
 d - 3 rations
 n - 3 chunks of flesh


   Skills:
 * Level 4.1(3.8) Fighting
 + Level 4.1(3.8) Dodging
 - Level 2.4(2.2) Stealth
 - Level 4.5(4.2) Spellcasting
 + Level 3.1(2.8) Conjurations
 - Level 1.1(0.8) Summonings
 - Level 1.1(0.8) Translocations


You had 3 spell levels left.
You knew the following spells:

 Your Spells              Type           Power        Failure   Level  Hunger
a - Magic Dart            Conj           ###.         2%          1    None
b - Call Imp              Summ           #.......     10%         2    None
e - Mephitic Cloud        Conj/Pois/Air  ##......     19%         3    ##.....
s - Conjure Flame         Conj/Fire      ##......     14%         3    ##.....
v - Blink                 Tloc           N/A          10%         2    None


Dungeon Overview and Level Annotations

Branches:
Dungeon (3/15)

Altars:

Annotations:
D:3 1 runed door, Ijyb


Message History

You barely miss the jackal.
The jackal is severely wounded.
The jackal barely misses you. The jackal bites you.
You closely miss the jackal.
The jackal is severely wounded.
The jackal bites you but does no damage.
You hit the jackal.
You kill the jackal!
The jackal barely misses you.
You barely miss the jackal.
The hobgoblin shouts!
The jackal misses you. x2
You hit the jackal.
The jackal is lightly wounded.
The jackal bites you but does no damage.
You hit the jackal. You drain the jackal!
You kill the jackal!
The bat misses you. The bat hits you but does no damage. The jackal misses you.
The hobgoblin hits you with a club.
Ijyb the Twisted Goblin comes into view.
She is wielding a dagger of draining.
You see here a jackal corpse.
Ijyb shouts!
You hit the jackal.
You kill the jackal!
The bat hits you but does no damage. The bat barely misses you.
The hobgoblin barely misses you. The bat misses you.
You hit the hobgoblin but do no damage. You drain the hobgoblin!
The hobgoblin is severely wounded.
You hit Ijyb. You drain Ijyb!
Ijyb is moderately wounded.
Ijyb zaps a wand.
You are blasted!
Ouch! That really hurt!
* * * LOW HITPOINT WARNING * * *
It is a wand of disintegration (15).
Unknown command.
Casting: Mephitic Cloud (safe; 17% risk of failure)
Confirm with . or Enter, or press ? or * to list all spells.
Aiming: Mephitic Cloud (safe; 17% risk of failure)
Press: ? - help, Shift-Dir - straight line, f - Ijyb
Aim: Ijyb, wielding a dagger of draining, wearing a scale mail and carrying a wand of disintegration (15) (moderately wounded, heavily drained) That beam is likely to hit you.
Continue anyway?
Okay, then.
Unknown command.
Casting: Mephitic Cloud (safe; 17% risk of failure)
Confirm with . or Enter, or press ? or * to list all spells.
Aiming: Mephitic Cloud (safe; 17% risk of failure)
Press: ? - help, Shift-Dir - straight line, f/p - Ijyb
Aim: Ijyb, wielding a dagger of draining, wearing a scale mail and carrying a wand of disintegration (15) (moderately wounded, heavily drained) That beam is likely to hit you.
Continue anyway?
You miscast Mephitic Cloud.
You are very lightly contaminated with residual magic.
Nothing appears to happen.
Ijyb hits you but does no damage.
You feel drained.
Casting: Mephitic Cloud (safe; 19% risk of failure)
Confirm with . or Enter, or press ? or * to list all spells.
Aiming: Mephitic Cloud (safe; 19% risk of failure)
Press: ? - help, Shift-Dir - straight line, f/p - Ijyb
Aim: Ijyb, wielding a dagger of draining, wearing a scale mail and carrying a wand of disintegration (15) (moderately wounded, heavily drained) That beam is likely to hit you.
Continue anyway?
You miscast Mephitic Cloud.
Wisps of poison gas drift from your hands.
Ijyb zaps a wand.
You are blasted!
You die...

. .......<.).#
. ...........#
.##
..##....)...#
.. #.#
##########
###.###..# ###
.....(. .....##
#gb.# #... #g#
#### ##@# #
#..## # ##...#
## ####..#.# #.
####....##..#
##) ##....####
#.# ####..
######..####
..# #....#
........#
#....#####.####
........##
###.......##.#


You could see Ijyb, a hobgoblin and a bat.

Vanquished Creatures
  Sigmund (D:3)
  Terence (D:2)
  Jessica (D:2)
  5 adders
  4 worms (D:2)
  2 dart slugs
  3 leopard geckos (D:1)
  3 orcs
  A ball python (D:1)
  3 giant cockroaches (D:1)
  5 goblins
  12 hobgoblins
  6 jackals (D:3)
  7 kobolds
  2 quokkas
  8 bats
  12 rats
76 creatures vanquished.

Notes
Turn   | Place    | Note
-------+----------+-------------------------------------------
     0 | D:1      | Amnesiac the Deep Elf Wizard began the quest for the Orb.
     0 | D:1      | Reached XP level 1. HP: 10/10 MP: 7/7
   179 | D:1      | Reached skill level 1 in Fighting
   235 | D:1      | Reached XP level 2. HP: 12/16 MP: 0/9
   239 | D:1      | Learned a level 2 spell: Blink
   242 | D:1      | Learned a level 2 spell: Call Imp
   836 | D:1      | Reached XP level 3. HP: 21/21 MP: 1/11
   841 | D:1      | Learned a level 3 spell: Conjure Flame
   845 | D:1      | Learned a level 3 spell: Mephitic Cloud
  2084 | D:2      | Reached XP level 4. HP: 27/27 MP: 7/12
  2510 | D:2      | Noticed Jessica
  2519 | D:2      | Killed Jessica
  2738 | D:2      | Noticed Terence
  2829 | D:2      | Killed Terence
  2829 | D:2      | Reached XP level 5. HP: 22/32 MP: 2/13
  3186 | D:3      | Noticed Sigmund
  3262 | D:3      | Killed Sigmund
  3262 | D:3      | Reached XP level 6. HP: 38/38 MP: 6/14
  3312 | D:3      | Found a runed door.
  3440 | D:3      | Noticed Ijyb
  3445 | D:3      | Blown up by Ijyb

Vault maps used:
D:1:      shiori_arrival_elements
D:2:      hangedman_decor_diamond_cutter, uniq_jessica, uniq_terence
D:3:      uniq_crazy_yiuf_cottage, uniq_sigmund, uniq_ijyb

Skill      XL: |  1  2  3  4  5 |
---------------+----------------+-----
Fighting       | 1 2 3 4 |  4.1
Dodging        | 3 4 |  4.1
Conjurations   | 2 3 |  3.1
Stealth        | |  2.4
Spellcasting   | |  4.5
Summonings     | |  1.1
Translocations | |  1.1

Action                   |  1- 3 |  4- 6 || total
-------------------------+-------+-------++-------
Melee: Unarmed           |    13 |       ||    13
       Dagger            |     1 |    13 ||    14
       Short sword       |       |    50 ||    50
 Cast: Magic Dart        |   122 |    73 ||   195
       Mephitic Cloud    |     2 |     2 ||     4
       Conjure Flame     |     1 |     4 ||     5
 Stab: Confused          |       |     1 ||     1
       Sleeping          |       |     1 ||     1
  Eat: Chunk             |     4 |     4 ||     8
Armor: Robe              |     5 |    16 ||    21
Dodge: Dodged            |    35 |    53 ||    88

Table legend:
 A = Spawn XP
 B = Non-spawn XP
 C = Spawn XP percentage of total XP
 D = Spawn monster count
 E = Non-spawn monster count
 F = Spawn count percentage of total count
 G = Total turns spent on level
                    A         B        C        D         E        F      G
               +---------+---------+-------+---------+---------+-------+---------
         Total |       0 |     504 |   0.0 |       0 |      76 |   0.0 |  3445
               +---------+---------+-------+---------+---------+-------+---------
           D:1 |       0 |      56 |   0.0 |       0 |      31 |   0.0 |  1514
           D:2 |       0 |     179 |   0.0 |       0 |      28 |   0.0 |  1615
           D:3 |       0 |     269 |   0.0 |       0 |      17 |   0.0 |   316
               +---------+---------+-------+---------+---------+-------+---------
